 Dungeon Crawl Stone Soup version 0.31.0-7-gf635a9b802 (webtiles) character file.

Game seed: 17100937990311947205

71 DemonSlayer the Digger (level 4, -8/30 HPs)
             Began as a Demonspawn Earth Elementalist on Jan 24, 2024.
             Asphyxiated
             ... on level 3 of the Dungeon.
             The game lasted 00:05:05 (2130 turns).

DemonSlayer the Digger (DsEE)                       Turns: 2130, Time: 00:05:07

Health: -8/30      AC:  5    Str:  8    XL:     4   Next: 5%
Magic:  8/8        EV: 12    Int: 16    God:
Gold:   143        SH:  0    Dex: 15    Spells: 1/8 levels left

rFire   . . .        d - +0 dagger
rCold   . . .        (no shield)
rNeg    . . .        a - +0 robe
rPois   .            k - +0 helmet
rElec   .            l - +0 cloak
rCorr   .            i - +0 pair of gloves
SInv    .            (no boots)
Will    .....        (no amulet)
Stlth   +            (no ring)
HPRegen 0.25/turn    (no ring)
MPRegen 0.22/turn

%: no passive effects
@: confused, lethally poisoned (-8 -> -32), ambrosia-drunk, slowed, very slow
A: ignite blood 1, magic regeneration
a: no special abilities


You were on level 3 of the Dungeon.
You visited 1 branch of the dungeon, and saw 3 of its levels.

You collected 143 gold pieces.

Inventory:

Hand Weapons
 d - a +0 dagger (weapon)
Armour
 a - a +0 robe (worn)
 i - a +0 pair of gloves (worn)
 k - a +0 helmet (worn)
 l - a +0 cloak (worn)
 n - a +2 ring mail of cold resistance
Jewellery
 g - a ring of ice
Scrolls
 c - a scroll of enchant weapon {unknown}
 e - 2 scrolls of immolation {unknown}
 h - a scroll of teleportation {unknown}
 j - a scroll of torment {unknown}
 m - a scroll of enchant armour {unknown}
 o - a scroll of blinking {unknown}
 p - a scroll of fog {unknown}
 q - a scroll of identify {unknown}
Potions
 b - 3 potions of magic


   Skills:
 + Level 0.1 Fighting
 + Level 0.4 Short Blades
 + Level 1.8 Dodging
 + Level 2.1 Stealth
 + Level 2.6 Spellcasting
 + Level 1.0 Conjurations
 + Level 3.7 Earth Magic


You had one spell level left.
You knew the following spells:

 Your Spells              Type           Power      Damage    Failure   Level
a - Sandblast             Erth           28%        2d8       4%          1
b - Stone Arrow           Conj/Erth      18%        3d8       22%         3
c - Passwall              Erth           14%        N/A       12%         3

Your spell library contained the following spells:

 Spells                   Type           Power      Damage    Failure   Level
 Sting                    Conj/Alch      12%        1d3       16%         1
 Apportation              Tloc           4%         N/A       21%         1
 Necrotise                Necr           8%         1d4       21%         1
 Summon Small Mammal      Summ           8%         N/A       21%         1
 Brom's Barrelling Bould  Conj/Erth      9%         2d3       58%         4
 Petrify                  Alch/Erth      8%         N/A       65%         4


Dungeon Overview and Level Annotations

Branches:
Dungeon (3/15)

Altars:
Kikubaaqudgha
Makhleb
Uskayaw


Innate Abilities, Weirdness & Mutations

Your demonic aura sometimes causes spilled blood to erupt in flames.
You regenerate magic rapidly.


Message History

Aim: a kobold brigand, wielding a +0 dagger and quivering curare-tipped darts (55% to hit)
The stone arrow hits the kobold brigand!
The kobold brigand is heavily wounded.
The kobold brigand throws a curare-tipped dart.
The curare-tipped dart hits you.
You are poisoned.
You have difficulty breathing.
You feel yourself slow down.
Casting: Stone Arrow (quite dangerous; 22% risk of failure)
Confirm with . or Enter, or press ? or * to list all spells.
Aiming: Stone Arrow (quite dangerous; 22% risk of failure)
Press: ? - help, Shift-Dir - straight line, f/p - kobold brigand
Aim: a kobold brigand, wielding a +0 dagger and quivering curare-tipped darts (heavily wounded, 55% to hit)
The stone arrow misses the kobold brigand.
You feel very sick.
Casting: Stone Arrow (quite dangerous; 22% risk of failure)
Confirm with . or Enter, or press ? or * to list all spells.
You don't have enough magic to cast this spell.
A kobold brigand is nearby!
The blast of sand hits the kobold brigand.
The kobold brigand is severely wounded.
You feel very sick.
The kobold brigand throws a curare-tipped dart.
The curare-tipped dart hits you.
You are lethally poisoned!
You have difficulty breathing.
* * * LOW HITPOINT WARNING * * *
You feel as though you will be slow longer.
It was a potion of ambrosia.
You are confused.
You feel invigorated.
* * * LOW HITPOINT WARNING * * *
You feel very sick.
You are too confused!
* * * LOW HITPOINT WARNING * * *
You feel very sick.
The kobold brigand throws a curare-tipped dart.
The curare-tipped dart hits you.
You are more poisoned.
You have difficulty breathing.
You die...

.. ... .... #####...#
......... ####......K.
#.#...K.......
#.#.#.#..########
#.#.#.#.@..........
#.#.#.#.#.#######.#
#.....#.#.# #...#.#######
#.......#.###...#.##....#
#.#.........#...#.##....#
#....##.##......+..+.....
#..#..#.#..#...)#.##....#
#..##.....##..<....'....#
##......_........#.##....+


You could see a kobold brigand.

Vanquished Creatures
  4 dart slugs
  4 orcs (D:3)
  5 endoplasms
  A giant cockroach (D:1)
  8 goblins
  A hobgoblin (D:3)
  9 jackals
  4 quokkas
  3 ball pythons
  2 bats (D:1)
  3 frilled lizards
  3 kobolds
  5 rats
52 creatures vanquished.

Notes
Turn   | Place    | Note
-------+----------+-------------------------------------------
     0 | D:1      | DemonSlayer the Demonspawn Earth Elementalist began the
                  | quest for the Orb.
     0 | D:1      | Reached XP level 1. HP: 13/13 MP: 3/3
    82 | D:1      | Reached skill level 3 in Earth Magic
   142 | D:1      | Gained mutation: You regenerate magic rapidly. [demonic
                  | ancestry]
   142 | D:1      | Reached XP level 2. HP: 13/19 MP: 0/5
   534 | D:1      | Reached XP level 3. HP: 24/24 MP: 6/6
   916 | D:1      | Learned a level 3 spell: Stone Arrow
  1318 | D:2      | Found a burning altar of Makhleb.
  1599 | D:2      | Learned a level 3 spell: Passwall
  1883 | D:3      | Found an ancient bone altar of Kikubaaqudgha.
  1968 | D:3      | Found a hide-covered altar of Uskayaw.
  2030 | D:3      | Gained mutation: Your demonic aura sometimes causes spilled
                  | blood to erupt in flames. [demonic ancestry]
  2030 | D:3      | Reached XP level 4. HP: 30/30 MP: 5/8
  2119 | D:3      | Noticed a kobold brigand
  2130 | D:3      | Asphyxiated

Illustrated notes

Levels and vault maps discovered:
D:1:      onia_arrival_pentagram, layout_loops_ring, roderic_roman_lattice,
          serial_park_tiny_pond
D:2:      layout_loops_ring, basic_altar, kennysheep_generic_room_9
D:3:      layout_basic, mainiacjoe_overflow_small_starburst,
          overflow_temple_1_default, kennysheep_generic_room_5

Skill      XL: |  1  2  3 |
---------------+----------+-----
Earth Magic    | 3 |  3.7
Stealth        | 2 |  2.1
Fighting       | |  0.1
Short Blades   | |  0.4
Dodging        | |  1.8
Spellcasting   | |  2.6
Conjurations   | |  1.0

Action                     |  1- 3 |  4- 6 || total
---------------------------+-------+-------++-------
  Melee: Dagger            |    30 |       ||    30
         Unarmed           |     1 |       ||     1
   Cast: Sandblast         |    67 |     2 ||    69
         Stone Arrow       |       |     2 ||     2
    Use: Potion            |       |     1 ||     1
   Stab: Sleeping          |     7 |       ||     7
 Armour: Robe              |    45 |       ||    45
  Dodge: Dodged            |    43 |     1 ||    44
